 Dungeon Crawl Stone Soup version 0.21.0-3-g78d12a8 (webtiles) character file.

26 tilp the Conjurer (level 2, -1/20 HPs)
             Began as a Draconian Conjurer on Jan 9, 2018.
             Slain by a scorpion (6 damage)
             ... on level 2 of the Dungeon.
             The game lasted 00:03:24 (1231 turns).

tilp the Conjurer (Draconian Conjurer)              Turns: 1231, Time: 00:03:24

Health: -1/20      AC:  4    Str: 10    XL:     2   Next: 89%
Magic:  1/5        EV:  9    Int: 15    God:
Gold:   97         SH:  0    Dex: 11    Spells: 2/5 levels left

rFire    . . .     SeeInvis .   d - +0 dagger
rCold    . . .     Gourm    .   (no shield)
rNeg     . . .     Faith    .   (armour unavailable)
rPois    .         Spirit   .   (helmet restricted)
rElec    .         Reflect  .   (no cloak)
rCorr    .         Harm     .   (no gloves)
MR       .....                  (no boots)
Stlth    ++........             (no amulet)
HPRegen  0.06/turn              (no ring)
MPRegen  0.09/turn              (no ring)

@: lethally poisoned (-1 -> -15), constricted
A: unfitting armour, cold-blooded, AC +4
a: no special abilities


You were on level 2 of the Dungeon.
You were hungry.

You visited 1 branch of the dungeon, and saw 2 of its levels.

You collected 97 gold pieces.

Inventory:

Hand Weapons
 d - a +0 dagger (weapon)
 p - a +0 hunting sling
Missiles
 c - 36 stones (quivered)
 e - 12 sling bullets
 g - 45 bolts
Jewellery
 l - an uncursed ring of poison resistance {unknown}
 m - an uncursed ring of protection from fire {unknown}
Scrolls
 f - 3 scrolls of identify {unknown}
 h - a scroll of enchant armour {unknown}
 i - a scroll of noise {unknown}
 j - a scroll of teleportation {unknown}
Books
 a - a book of Conjurations

   Spells                             Type                      Level
   a - Magic Dart                     Conjuration                  1
   b - Searing Ray                    Conjuration                  2
   c - Dazzling Spray                 Conjuration/Hexes            3
   d - Fulminant Prism                Conjuration/Hexes            4
   e - Force Lance                    Conjuration/Translocation    4
   f - Iskenderun's Mystic Blast      Conjuration                  4
 n - a book of Changes

   Spells                             Type                      Level
   a - Beastly Appendage              Transmutation                1
   b - Sticks to Snakes               Transmutation                2
   c - Spider Form                    Transmutation/Poison         3
   d - Ice Form                       Ice/Transmutation            4
   e - Blade Hands                    Transmutation                5
Comestibles
 b - 3 rations
 o - a chunk of flesh


   Skills:
 - Level 1.7 Dodging
 - Level 1.7 Stealth
 - Level 2.0 Spellcasting
 + Level 4.9 Conjurations


You had 2 spell levels left.
You knew the following spells:

 Your Spells              Type           Power        Failure   Level  Hunger
a - Magic Dart            Conj           ###.         2%          1    #......
b - Searing Ray           Conj           ###...       4%          2    ###....


Dungeon Overview and Level Annotations

Branches:
Dungeon (2/15)

Altars:


Innate Abilities, Weirdness & Mutations

Your plain brown scales are hard. (AC +4)
You cannot fit into any form of body armour.
You are cold-blooded and may be slowed by cold attacks.


Message History

The ball python closely misses you. The scorpion closely misses you.
You barely miss the scorpion.
Your tail-slap misses the scorpion.
The scorpion is almost dead.
The ball python closely misses you. The ball python misses you.
The scorpion stings you but does no damage.
You completely miss the scorpion.
The scorpion is almost dead.
The ball python barely misses you. x2; The scorpion stings you.
You are lethally poisoned!
The scorpion poisons you!
You closely miss the scorpion.
The scorpion is almost dead.
You feel sick. The ball python bites you. The ball python grabs you.
The ball python constricts you. The scorpion barely misses you.
You barely miss the scorpion.
The scorpion is almost dead.
You feel sick. The ball python bites you.
* * * LOW HITPOINT WARNING * * *
x2 The ball python constricts you.
The scorpion stings you.
You die...

..# ###)# #.#
#.# #.## #)#
#####..# #.#
#......## #.#
#.####..###.#
#.#.........#
#.#.###.###S#
#.#.# #..##@#
#.#.####.##s#
#........##.#
####......#.#
#........#
######......#.#
#.............#
#.####.....#..#
#........###..#


You could see a scorpion and a ball python.

Vanquished Creatures
  A worm (D:2)
  2 leopard geckos (D:1)
  2 bats
  3 goblins
  4 hobgoblins
  3 kobolds
  2 frilled lizards (D:1)
  3 rats (D:1)
20 creatures vanquished.

Notes
Turn   | Place    | Note
-------+----------+-------------------------------------------
     0 | D:1      | tilp the Draconian Conjurer began the quest for the Orb.
     0 | D:1      | Reached XP level 1. HP: 14/14 MP: 3/3
   300 | D:1      | Reached XP level 2. HP: 19/20 MP: 5/5
   304 | D:1      | Learned a level 2 spell: Searing Ray
  1076 | D:2      | Noticed a scorpion
  1231 | D:2      | Slain by a scorpion

Action                   || total
-------------------------++-------
Melee: Dagger            ||    32
       Tailslap          ||     2
Throw: Stone             ||     6
       Throwing net      ||     2
 Cast: Magic Dart        ||    33
       Searing Ray       ||     1
 Stab: Sleeping          ||     5
  Eat: Chunk             ||     1
Armor: Skin              ||    11
Dodge: Dodged            ||    37
